 Dungeon Crawl Stone Soup version 0.21-a0-39-g28ea6b7 (webtiles) character file.

452 tilp the Chiller (level 7, 0/46 HPs)
             Began as a Merfolk Ice Elementalist on June 1, 2017.
             Was a Follower of Okawaru.
             Shot with an arrow by a centaur (15 damage)
             ... on level 5 of the Dungeon.
             The game lasted 00:14:51 (4263 turns).

tilp the Chiller (Merfolk Ice Elementalist)         Turns: 4263, Time: 00:14:51

Health: 0/46       AC:  6    Str:  8    XL:     7   Next: 4%
Magic:  13/14      EV: 12    Int: 17    God:    Okawaru [*.....]
Gold:   224        SH:  3    Dex: 14    Spells: 9/15 levels left

rFire    . . .     SeeInvis .   B - +1 dagger (elec)
rCold    . . .     Gourm    .   z - +0 buckler
rNeg     . . .     Faith    .   a - +0 robe
rPois    .         Spirit   .   (no helmet)
rElec    .         Reflect  .   (no cloak)
rCorr    .         Harm     .   (no gloves)
MR       .....                  x - +0 pair of boots
Stlth    ++........             h - amulet of rage
Regen    0.2/turn               k - +3 ring of protection
MPRegen  0.2/turn               C - ring of wizardry

@: no status effects
A: change form in water, swift swim, stealthy swim
a: Heroism, Renounce Religion, Evoke Berserk Rage


You were on level 5 of the Dungeon.
You worshipped Okawaru.
Okawaru was aware of your devotion.
You were not hungry.

You visited 2 branches of the dungeon, and saw 6 of its levels.

You collected 224 gold pieces.

Inventory:

Hand Weapons
 i - a +1 dagger of protection
 j - a +0 trident
 n - a +0 spear
 B - a +1 dagger of electrocution (weapon)
Armour
 a - a +0 robe (worn)
 x - a +0 pair of boots (worn)
 z - a +0 buckler (worn)
Magical Staves
 D - an uncursed staff of conjuration {unknown}
Jewellery
 h - an amulet of rage (around neck)
 k - a +3 ring of protection (left hand)
 C - a ring of wizardry (right hand)
Scrolls
 d - 2 scrolls of teleportation
 e - a scroll of magic mapping {unknown}
 m - 2 scrolls of blinking {unknown}
 p - 3 scrolls of fog
 q - 2 scrolls of remove curse
 r - a scroll of noise {unknown}
 s - 2 scrolls of amnesia {unknown}
 u - 2 scrolls of recharging
 y - a scroll of enchant weapon {unknown}
Potions
 f - a potion of berserk rage
 g - 2 potions of curing
 o - a potion of lignification
 v - a potion of invisibility {unknown}
 w - a potion of mutation {unknown}
 A - a potion of heal wounds {unknown}
Books
 b - a book of Frost

   Spells                             Type                      Level
   a - Freeze                         Ice                          1
   b - Throw Frost                    Conjuration/Ice              2
   c - Ozocubu's Armour               Charms/Ice                   3
   d - Throw Icicle                   Conjuration/Ice              4
   e - Summon Ice Beast               Ice/Summoning                4
 E - a book of Conjurations

   Spells                             Type                      Level
   a - Magic Dart                     Conjuration                  1
   b - Searing Ray                    Conjuration                  2
   c - Dazzling Spray                 Conjuration/Hexes            3
   d - Fulminant Prism                Conjuration/Hexes            4
   e - Force Lance                    Conjuration/Translocation    4
   f - Iskenderun's Mystic Blast      Conjuration                  4
Comestibles
 c - 5 bread rations
 l - 2 meat rations
 t - a royal jelly
 F - a fruit
 G - 3 chunks of flesh


   Skills:
 * Level 3.5 Polearms
 - Level 2.6 Dodging
 - Level 2.1 Stealth
 * Level 4.8 Spellcasting
 - Level 0.7 Conjurations
 + Level 1.0 Charms
 + Level 5.5 Ice Magic


You had 9 spell levels left.
You knew the following spells:

 Your Spells              Type           Power        Failure   Level  Hunger
a - Freeze                Ice            ###.         1%          1    None
b - Throw Frost           Conj/Ice       ##....       4%          2    #......
c - Ozocubu's Armour      Chrm/Ice       ###.....     8%          3    ###....


Dungeon Overview and Level Annotations

Branches:
Dungeon (5/15)             Temple (1/1) D:4

Altars:
Ashenzari
Cheibriados
Elyvilon
Fedhas
Hepliaklqana
Kikubaaqudgha
Makhleb
Nemelex Xobeh
Okawaru
Ru
Sif Muna
Trog
Vehumet
Wu Jian
Xom
The Shining One


Message History

You can't see any susceptible monsters within range! (Use Z to cast anyway.) Unknown command.
The centaur shouts!
The centaur wields a shortbow.
The centaur shoots an arrow.
The arrow hits you!
You see here an arrow.
Casting: Freeze
Confirm with . or Enter, or press ? or * to list all spells.
Aiming: Throw Frost
Press: ? - help, Shift-Dir - straight line, f - centaur
Aim: a centaur, wielding a shortbow The puff of frost misses the centaur.
The centaur shoots an arrow.
The arrow barely misses you.
The centaur shoots an arrow.
The arrow closely misses you.
An adder comes into view.
You see here 11 gold pieces.
The centaur shoots an arrow.
The arrow hits you!
The centaur shoots an arrow.
The arrow hits you.
You see here 2 arrows.
The centaur shoots an arrow.
The arrow hits you!
You die...

.....S..#
........#
........#
.....c...#
.........#
#.......#
#......c#######+##
#......(...$(@...#
#.......(........#
#................#
#................#
#.......##########
#.......#
+.......#
####.......#
...........#


You could see a centaur.

Vanquished Creatures
  An ogre (D:4)
  A crimson imp (D:4)
  A hound (D:4)
  An orc wizard (D:4)
  4 worker ants
  A worker ant zombie (D:3)
  2 adders (D:3)
  2 oozes (D:1)
  An adder zombie (D:3)
  2 adder skeletons
  A worm (D:4)
  4 dart slugs
  A leopard gecko (D:4)
  12 orcs
  A ball python (D:3)
  5 giant cockroaches
  20 goblins
  14 hobgoblins
  7 jackals
  A quokka (D:3)
  4 bats
  4 frilled lizards
  12 kobolds
  2 leopard gecko skeletons (D:3)
  A leopard gecko zombie (D:3)
  3 quokka skeletons
  9 rats
117 creatures vanquished.

Notes
Turn   | Place    | Note
-------+----------+-------------------------------------------
     0 | D:1      | tilp the Merfolk Ice Elementalist began the quest for the Orb.
     0 | D:1      | Reached XP level 1. HP: 13/13 MP: 3/3
   222 | D:1      | Reached XP level 2. HP: 19/19 MP: 5/5
   462 | D:1      | Reached skill level 4 in Ice Magic
   462 | D:1      | Reached XP level 3. HP: 18/24 MP: 4/6
   971 | D:2      | Learned a level 2 spell: Throw Frost
   975 | D:2      | Learned a level 3 spell: Ozocubu's Armour
  1384 | D:2      | Reached skill level 1 in Polearms
  1414 | D:2      | Reached XP level 4. HP: 20/30 MP: 8/8
  1756 | D:2      | Found an ornate altar of the Wu Jian Council.
  1913 | D:2      | Found an iron altar of Okawaru.
  1924 | D:2      | Became a worshipper of Warmaster Okawaru
  2466 | D:3      | Reached XP level 5. HP: 32/35 MP: 6/10
  2699 | D:3      | Found a snail-covered altar of Cheibriados.
  3052 | D:4      | Reached skill level 5 in Ice Magic
  3202 | D:4      | Reached XP level 6. HP: 37/41 MP: 6/12
  3334 | D:4      | Found a staircase to the Ecumenical Temple.
  3364 | Temple   | Entered the Ecumenical Temple
  3736 | D:4      | Found a deep blue altar of Sif Muna.
  3801 | D:4      | Found a sacrificial altar of Ru.
  3808 | D:4      | Reached skill level 1 in Charms
  3859 | D:4      | Reached * piety under Okawaru
  4164 | D:4      | Found a deep blue altar of Sif Muna.
  4166 | D:4      | Found a snail-covered altar of Cheibriados.
  4166 | D:4      | Found a burning altar of Makhleb.
  4168 | D:4      | Found a glowing golden altar of the Shining One.
  4168 | D:4      | Found a shimmering altar of Xom.
  4168 | D:4      | Found a sacrificial altar of Ru.
  4235 | D:5      | Entered Level 5 of the Dungeon
  4243 | D:5      | Reached XP level 7. HP: 43/46 MP: 14/14
  4263 | D:5      | Shot with an arrow by a centaur

Vault maps used:
D:1:      sevenhm_arrival_forest_fort_small_5, minmay_pentomino_s2
D:2:      cheibrodos_greedy_goblins, kennysheep_okawaru_gauntlet,
          marbit_many_paths, st_stairs_9
D:3:      kennysheep_slug_shrine, serial_undead, serial_undead_a,
          serial_undead_a, serial_undead_a, serial_undead_e, serial_undead_f,
          serial_undead_d
D:4:      lemuel_doored_altar, nicolae_ru_great_annihilating_truth,
          minmay_temple_entry_junction, first_bread, doesnt_xom_only_xom
D:5:      grunt_temple_overflow_champion_of_chaos, uniq_ijyb
Temple:   compressed_dpeg_triangle_lava_temple

Skill      XL: |  1  2  3  4  5  6 |
---------------+-------------------+-----
Ice Magic      | 4 5 |  5.5
Polearms       | 1 2 3 |  3.5
Spellcasting   | 3 4 |  4.8
Charms         | 1 |  1.0
Dodging        | |  2.6
Stealth        | |  2.1
Conjurations   | |  0.7

Action                   |  1- 3 |  4- 6 |  7- 9 || total
-------------------------+-------+-------+-------++-------
Melee: Dagger            |   130 |   290 |       ||   420
       Tailslap          |       |     1 |       ||     1
 Cast: Freeze            |    14 |    14 |       ||    28
       Throw Frost       |       |    10 |     1 ||    11
       Ozocubu's Armour  |       |     2 |       ||     2
  Use: Scroll            |       |     8 |       ||     8
 Stab: Sleeping          |     6 |     7 |       ||    13
       Paralysed         |       |     1 |       ||     1
  Eat: Royal jelly       |     1 |     1 |       ||     2
       Chunk             |       |     8 |       ||     8
Armor: Robe              |    32 |   102 |       ||   134
Dodge: Dodged            |    64 |   185 |     2 ||   251
Block: Buckler           |       |    33 |       ||    33
